 Dungeon Crawl Stone Soup version 0.28-a0-1114-g8eb0198dcf (webtiles) character file.

Game seed: 5646022861410845900

39 Gargoyl the Skirmisher (level 3, 0/35 HPs)
             Began as a Gnoll Abyssal Knight on Dec 11, 2021.
             Was a Follower of Lugonu.
             Slain by Terence (9 damage)
             ... on level 2 of the Dungeon.
             The game lasted 00:01:41 (1525 turns).

Gargoyl the Skirmisher (Gnoll Abyssal Knight)       Turns: 1525, Time: 00:01:42

Health: 0/35       AC:  5    Str: 14    XL:     3   Next: 45%
Magic:  6/6        EV: 12    Int:  9    God:    Lugonu [*.....]
Gold:   154        SH:  0    Dex: 12    Spells: 3/3 levels left

rFire   . . .      SeeInvis .   a - +1 hand axe
rCold   . . .      Faith    .   (no shield)
rNeg    . . .      Spirit   .   b - +0 leather armour
rPois   .          Reflect  .   (no helmet)
rElec   .          Harm     .   c - +1 cloak {rCorr}
rCorr   +          Rampage  .   (no gloves)
Will    .....                   (no boots)
Stlth   +.........              (no amulet)
HPRegen 0.11/turn               (no ring)
MPRegen 0.10/turn               (no ring)

@: no status effects
A: fangs 1, strong nose, distributed training
a: Renounce Religion, Depart the Abyss


You were on level 2 of the Dungeon.
You worshipped Lugonu.
Lugonu was aware of your devotion.
You visited 1 branch of the dungeon, and saw 2 of its levels.
You visited the Abyss 1 time.

You collected 154 gold pieces.

Inventory:

Hand Weapons
 a - a +1 hand axe (weapon)
Missiles
 f - 2 throwing nets
Armour
 b - a +0 leather armour (worn)
 c - a +1 cloak of preservation (worn)


   Skills:
 + Level 6.5 Fighting
 + Level 0.8 Short Blades
 + Level 0.8 Long Blades
 + Level 4.5 Axes
 + Level 0.8 Maces & Flails
 + Level 0.8 Polearms
 + Level 0.8 Staves
 + Level 0.8 Slings
 + Level 0.8 Bows
 + Level 0.8 Crossbows
 + Level 0.8 Throwing
 + Level 4.5 Armour
 + Level 2.6 Dodging
 + Level 0.8 Stealth
 + Level 0.8 Shields
 + Level 0.8 Unarmed Combat
 + Level 0.8 Spellcasting
 + Level 0.5 Conjurations
 + Level 0.5 Hexes
 + Level 0.5 Summonings
 + Level 0.5 Necromancy
 + Level 0.5 Translocations
 + Level 0.5 Transmutations
 + Level 0.5 Fire Magic
 + Level 0.5 Ice Magic
 + Level 0.5 Air Magic
 + Level 0.5 Earth Magic
 + Level 0.5 Poison Magic
 + Level 4.6 Invocations
 + Level 0.8 Evocations


You had 3 spell levels left.
You didn't know any spells.
Your spell library was empty.

Dungeon Overview and Level Annotations

Branches:
Dungeon (2/15)

Altars:

Annotations:
D:2 Terence


Innate Abilities, Weirdness & Mutations

You have very sharp teeth.
Your uncanny sense of smell can sniff out nearby items.
Your experience applies equally to all skills.


Message History

Unknown command.
You feel sick.
You see here an adder corpse.
You feel sick.
Things that are here:
a +0 dagger; a goblin corpse Unknown command.
You feel sick.
You feel sick.
You feel sick.
You feel sick.
You are no longer poisoned.
Key pressed, stopping explore.
HP restored.
Terence the Incautious comes into view.
He is wielding a +0 flail of protection.
Terence is nearby!
Terence is nearby!
Terence is nearby!
Things that are here:
a +0 dagger; a goblin skeleton Terence shouts!
Terence says, "You're history."
Terence completely misses you.
You see here a ball python skeleton.
You hit Terence but do no damage.
Terence hits you with a +0 flail of protection.
You closely miss Terence.
Terence hits you with a +0 flail of protection!
You hit Terence but do no damage. Terence barely misses you.
You hit Terence but do no damage.
Terence hits you with a +0 flail of protection!
You hit Terence.
Terence is lightly wounded.
Terence barely misses you.
Terence hits you with a +0 flail of protection!
* * * LOW HITPOINT WARNING * * *
You completely miss Terence.
Terence is lightly wounded.
Terence hits you with a +0 flail of protection!
You die...

.># #.# #.#
#.# #.#.#.#
#.#.#.#
#...#.#
#.###.#
#)÷...#
#.#########
#@........#
.#@........#
#...÷........#
#.#..........#
# #.....÷...##
#.........#
##........#
........#.#
##.####.#.#


You could see Terence.

Vanquished Creatures
  2 adders (D:2)
  4 ball pythons
  5 endoplasms
  3 goblins
  A jackal (D:1)
  A kobold (D:1)
  3 bats
  A rat (D:2)
20 creatures vanquished.

Vanquished Creatures (others)
  A plant (D:1)
1 creature vanquished.

Grand Total: 21 creatures vanquished

Notes
Turn   | Place    | Note
-------+----------+-------------------------------------------
     0 | Abyss:1  | Gargoyl the Gnoll Abyssal Knight began the quest for the
                  | Orb.
     0 | Abyss:1  | Reached XP level 1. HP: 23/23 MP: 3/3
   166 | Abyss:2  | Noticed an ancient zyme
   173 | D:1      | Escaped the Abyss
   369 | D:1      | Reached * piety under Lugonu
   391 | D:1      | Found a faded altar of an unknown god.
   524 | D:1      | Reached XP level 2. HP: 29/29 MP: 5/5
  1162 | D:2      | Reached XP level 3. HP: 25/35 MP: 6/6
  1516 | D:2      | Noticed Terence
  1525 | D:2      | Slain by Terence

Illustrated notes

Levels and vault maps discovered:
D:1:      wander_arrival_lonely_grave, layout_basic,
          dreamdust_ecumenical_altar_grove, chequers_big_river,
          hangedman_abyss_or_decor_lesser_grid, minmay_crystal_water,
          minmay_misc_feat_diagonals
D:2:      layout_basic, uniq_terence

Action                   || total
-------------------------++-------
Melee: Hand axe          ||    65
       Bite              ||     4
Invok: Depart the Abyss  ||     1
  Use: Potion            ||     1
       Scroll            ||     3
 Stab: Sleeping          ||     1
Armor: Leather armour    ||    28
Dodge: Dodged            ||    34

Table legend: (Time is in decaauts)
 A = Elapsed time spent in this place.
 B = Non-inter-level travel time spent in this place.
 C = Inter-level travel time spent in this place.
 D = Time resting spent in this place.
 E = Time spent auto-exploring this place.
 F = Levels seen in this place.
 G = Mean time per level.
                   A        B        C        D        E       F      G
               +--------+--------+--------+--------+--------+-----+--------+
         Total |   1543 |   1516 |     27 |      8 |   1252 |   4 |  385.8 |
       Dungeon |   1371 |   1344 |     27 |      8 |   1122 |   2 |  685.5 |
         Abyss |    172 |    172 |      0 |      0 |    130 |   2 |   86.0 |
               +--------+--------+--------+--------+--------+-----+--------+

Top non-repeatable levels by time:
     D:1: 908 daAuts
     D:2: 462 daAuts
 Abyss:2: 137 daAuts
 Abyss:1: 35 daAuts
